 Dungeon Crawl Stone Soup version 0.24-a0-549-g45f0056d81 (webtiles) character file.

Game seed: 10392808044825241803

23 DEFE the Skirmisher (level 3, -9/40 HPs)
             Began as an Ogre Chaos Knight on Aug 19, 2019.
             Was a Plaything of Xom.
             Mangled by a blink frog (shapeshifter) (14 damage)
             ... on level 1 of the Dungeon.
             The game lasted 00:00:46 (389 turns).

DEFE the Skirmisher (Ogre Chaos Knight)              Turns: 389, Time: 00:00:48

Health: -9/40      AC:  5    Str: 17    XL:     3   Next: 0%
Magic:  3/3        EV: 15    Int: 13    God:    Xom [..*...]
Gold:   12         SH:  0    Dex: 13    Spells: 2/2 levels left

rFire    . . .     SeeInvis .   a - +0 mace (chaos)
rCold    . . .     Gourm    .   (no shield)
rNeg     . . .     Faith    .   b - +2 robe
rPois    .         Spirit   .   (helmet restricted)
rElec    .         Reflect  .   (no cloak)
rCorr    .         Harm     .   (gloves unavailable)
MR       .....                  (boots unavailable)
Stlth    ++........             (no amulet)
HPRegen  0.13/turn              (no ring)
MPRegen  0.08/turn              (no ring)

@: agile
A: large, unfitting armour, tough skin 1
a: Renounce Religion


You were on level 1 of the Dungeon.
You worshipped Xom.
You were a toy of Xom.
You were not hungry.

You visited 1 branch of the dungeon, and saw 1 of its levels.

You collected 12 gold pieces.

Inventory:

Hand Weapons
 a - a +0 mace of chaos (weapon)
Armour
 b - a +2 robe (worn)
Potions
 d - a potion of might {unknown}
 e - a potion of degeneration {unknown}
 f - a potion of lignification {unknown}
Comestibles
 c - 2 rations


   Skills:
 + Level 4.7 Fighting
 + Level 3.2 Maces & Flails
 - Level 2.2 Dodging


You had 2 spell levels left.
You didn't know any spells.
Your spell library was empty.

Dungeon Overview and Level Annotations

Branches:
Dungeon (1/15)

Altars:


Innate Abilities, Weirdness & Mutations

You are too large for most types of armour.
You have tough skin. (AC +1)


Message History

MP restored: 3 Unknown command.
Things that are here:
a jackal corpse; a rat corpse You miss the blink frog.
The blink frog hits you!!
* * * LOW HITPOINT WARNING * * *
The blink frog blinks!
You take 18 damage, and have 4/40 hp.
MASSIVE DAMAGE!!
Unknown command.
Unknown command.
Unknown command.
You miss the blink frog. The blink frog closely misses you.
Unknown command.
You miss the blink frog. Xom grants you a minor favour.
You feel agile all of a sudden. The blink frog hits you!
You die...
Xom thinks this is hilarious!

#.# .... #..##....
#..###†###.........
#.......F...##....
###....###.####..)
##.#.# #.# ##†.
#†#.###.# ##(
####.#.....# ##
###.F..####..#######
#.+@#### #.........
#.### #>######## #.#
#.# #.#
######.######
##.####...........#
#<.'.##.###..####.#
##.#.##)#
#.#########
#.#(##.###.'.....#..
#.#..)..########.#.#


You could see a blink frog shaped shifter.

Vanquished Creatures
  An ooze (D:1)
  A giant cockroach (D:1)
  2 goblins (D:1)
  2 hobgoblins (D:1)
  3 jackals (D:1)
  4 bats (D:1)
  A frilled lizard (D:1)
  2 kobolds (D:1)
  3 rats (D:1)
19 creatures vanquished.

Notes
Turn   | Place    | Note
-------+----------+-------------------------------------------
     0 | D:1      | DEFE the Ogre Chaos Knight began the quest for the Orb.
     0 | D:1      | Reached XP level 1. HP: 24/24 MP: 1/1
   129 | D:1      | Reached XP level 2. HP: 32/32 MP: 2/2
   374 | D:1      | Noticed a shapeshifter
   374 | D:1      | a jackal changed into a shapeshifter
   374 | D:1      | Noticed a blink frog
   374 | D:1      | a shapeshifter changed into a blink frog
   379 | D:1      | Reached XP level 3. HP: 22/40 MP: 3/3
   389 | D:1      | XOM: potion effect (agility)
   389 | D:1      | Mangled by a blink frog (shapeshifter)

Levels and vault maps discovered:
D:1:      minmay_arrival_three_doors, layout_loops_ring, corexii_corridor_pit,
          roderic_serpentine_path, minmay_misc_feat_five, minmay_misc_feat_x,
          minmay_box_of_dots

Skill      XL: |  1  2 |
---------------+-------+-----
Maces & Flails | 3 |  3.2
Fighting       | |  4.7
Dodging        | |  2.2

Action                   || total
-------------------------++-------
Melee: Mace              ||    50
Armor: Robe              ||    22
Dodge: Dodged            ||    29

Table legend:
 A = Non-vault XP
 B = Vault XP
 C = Vault XP percentage of total XP
 D = Non-vault monster count
 E = Vault monster count
 F = Vault count percentage of total count
                 A         B        C        D         E       F
            +---------+---------+-------+---------+---------+-------
      Total |      24 |      10 |  29.4 |      16 |       3 |  15.8
            +---------+---------+-------+---------+---------+-------
        D:1 |      24 |      10 |  29.4 |      16 |       3 |  15.8
            +---------+---------+-------+---------+---------+-------
